 Dungeon Crawl Stone Soup version 0.19-a0-1032-g6b228a8 (webtiles) character file.

511 Deeps the Cleaver (level 6, -1/52 HPs)
             Began as a Minotaur Fighter on July 28, 2016.
             Slain by Duvessa
             ... wielding a +0 short sword
              (15 damage)
             ... on level 5 of the Dungeon.
             The game lasted 00:04:07 (3288 turns).

Deeps the Cleaver (Minotaur Fighter)                Turns: 3288, Time: 00:04:07

Health: -1/52      AC:  8    Str: 22    XL:     6   Next: 99%
Magic:  5/5        EV:  7    Int:  5    God:
Gold:   364        SH:  9    Dex: 10    Spells: 0 memorised, 5 levels left

rFire  . . .     SeeInvis .     a - +0 war axe
rCold  . . .     Gourm    .     b - +0 scale mail
rNeg   . . .     Faith    .     c - +0 shield
rPois  .         Spirit   .     (helmet restricted)
rElec  .         Dismiss  .     (no cloak)
rCorr  .         Reflect  .     l - +0 pair of gloves
SustAt .         Harm     .     (no boots)
MR     .....                    (no amulet)
Stlth  ..........               (no ring)
                                (no ring)

@: not resistant to hostile enchantments, extremely unstealthy
A: retaliatory headbutt, horns 2
a: no special abilities


You were on level 5 of the Dungeon.
You were very hungry.

You visited 1 branch of the dungeon, and saw 5 of its levels.

You collected 364 gold pieces.

Inventory:

Hand Weapons
 a - a +0 war axe (weapon)
Armour
 b - a +0 scale mail (worn)
 c - a +0 shield (worn)
 l - a +0 pair of gloves (worn)
Wands
 q - a wand of paralysis (6/24)
Scrolls
 f - a scroll of enchant weapon {unknown}
 h - 3 scrolls of noise {unknown}
 i - 6 scrolls of identify {unknown}
 k - 2 scrolls of immolation {unknown}
 s - a scroll of fog {unknown}
 u - a scroll of enchant armour {unknown}
 w - a scroll of remove curse {unknown}
Potions
 d - a potion of might
 e - a potion of flight {unknown}
 g - a potion of magic {unknown}
 j - a potion of mutation {unknown}
 r - 2 potions of curing {unknown}
 t - a potion of invisibility {unknown}
 x - 2 potions of lignification {unknown}
Books
 o - a book of Burglary

   Spells                             Type                      Level
   a - Swiftness                      Charms/Air                   2
   b - Passwall                       Transmutation/Earth          2
   c - Passage of Golubria            Translocation                4
   d - Lee's Rapid Deconstruction     Earth                        5
   e - Darkness                       Hexes                        6
   f - Invisibility                   Hexes                        6
Comestibles
 m - 2 beef jerkies
 n - 3 fruits
 p - 2 bread rations
 v - 2 meat rations


   Skills:
 - Level 3.9 Fighting
 + Level 8.8 Axes
 - Level 3.9 Armour
 - Level 0.2 Dodging
 - Level 3.8 Shields


You had 5 spell levels left.
You didn't know any spells.

Dungeon Overview and Level Annotations

Branches:
Dungeon (5/15)
 Temple: D:4-7

Altars:

Annotations:
D:5 Duvessa


Innate Abilities, Weirdness & Mutations

You reflexively headbutt those who attack you in melee.
You have a pair of horns on your head.


Message History

You are too injured to fight recklessly!
You are too injured to fight recklessly!
You are too injured to fight recklessly!
You are too injured to fight recklessly!
You are too injured to fight recklessly!
You are too injured to fight recklessly!
You are too injured to fight recklessly!
You are too injured to fight recklessly!
You are too injured to fight recklessly!
You are too injured to fight recklessly!
You are too injured to fight recklessly!
You are too injured to fight recklessly!
You are too injured to fight recklessly!
You are too injured to fight recklessly!
Unknown command.
You are too injured to fight recklessly!
You completely miss Duvessa.
Duvessa is severely wounded.
Duvessa hits you with a short sword!
You die...

##......#.#
##.##.##.#
####.# #####.#
##.....#
#.....##
#####.# #.# #@#
#.....)e†....#
).....#.#.....#
........##...##
.##.. ### #....
##. ...# # ###


You could see Duvessa (berserk).

Vanquished Creatures
  A scorpion (D:5)
  Dowan (D:5)
  A howler monkey (D:4)
  A crimson imp (D:4)
  2 hounds (D:4)
  Jessica (D:2)
  An orc wizard (D:4)
  A worker ant (D:4)
  2 hound skeletons
  7 adders
  2 oozes (D:2)
  4 worms
  5 dart slugs
  5 giant geckos
  12 orcs
  9 bats
  6 giant cockroaches
  7 goblins
  9 hobgoblins
  2 jackals (D:2)
  4 kobolds
  4 giant newts
  4 rats
91 creatures vanquished.

Notes
Turn   | Place    | Note
-------+----------+-------------------------------------------
     0 | D:1      | Deeps the Minotaur Fighter began the quest for the Orb.
     0 | D:1      | Reached XP level 1. HP: 19/19 MP: 0/0
    93 | D:1      | Reached XP level 2. HP: 18/27 MP: 1/1
   233 | D:1      | Reached skill level 3 in Axes
   401 | D:1      | Reached XP level 3. HP: 27/33 MP: 2/2
   926 | D:2      | Reached skill level 4 in Axes
   988 | D:2      | Reached XP level 4. HP: 34/40 MP: 3/3
  1031 | D:2      | Reached skill level 5 in Axes
  1402 | D:2      | Noticed Jessica
  1412 | D:2      | Killed Jessica
  1957 | D:3      | Reached XP level 5. HP: 46/46 MP: 4/4
  2124 | D:3      | Reached skill level 6 in Axes
  2637 | D:4      | Reached skill level 7 in Axes
  2693 | D:4      | Reached XP level 6. HP: 39/52 MP: 5/5
  2934 | D:4      | Reached skill level 8 in Axes
  3160 | D:5      | Entered Level 5 of the Dungeon
  3273 | D:5      | Noticed Duvessa
  3273 | D:5      | Noticed Dowan
  3285 | D:5      | Killed Dowan
  3288 | D:5      | Slain by Duvessa

Vault maps used:
D:1:      dpeg_arrival_line_fractal, minmay_strange_pillars
D:2:      uniq_jessica
D:5:      amethyst_overflow_temple_binary, gammafunk_temple_overflow_wave,
          eat_drink_and_be_merry_uskayaw, first_bread, serial_shops,
          nicolae_shop_statue_plus, uniq_duvessa, uniq_edmund

Skill      XL: |  1  2  3  4  5  6 |
---------------+-------------------+-----
Axes           | 3 4 5 7 8 |  8.8
Fighting       | |  3.9
Armour         | |  3.9
Dodging        | |  0.2
Shields        | |  3.8

Action                   |  1- 3 |  4- 6 || total
-------------------------+-------+-------++-------
Melee: War axe           |    78 |   167 ||   245
       Headbutt          |    11 |    26 ||    37
  Eat: Bread ration      |       |     1 ||     1
       Chunk             |       |     2 ||     2
Armor: Scale mail        |    29 |    72 ||   101
Dodge: Dodged            |    24 |    46 ||    70
Block: Shield            |    32 |    76 ||   108
